 Dungeon Crawl Stone Soup version 0.23.2-1-ga50397a6bc (webtiles) character file.

Game seed: 1090839364031238031

15321 Ethylacetat the Spear-Bearer (level 12, -1/99 HPs)
             Began as a Demonspawn Gladiator on Apr 23, 2019.
             Was a High Priest of Okawaru.
             Killed from afar by Frances (28 damage)
             ... with an iron shot
             ... on level 12 of the Dungeon.
             The game lasted 00:37:06 (11557 turns).

Ethylacetat the Spear-Bearer (DsGl)                Turns: 11557, Time: 00:37:06

Health: -1/99      AC: 16    Str: 20    XL:     12   Next: 0%
Magic:  0/18       EV: 13    Int:  9    God:    Okawaru [*****.]
Gold:   570        SH:  0    Dex: 20    Spells: 11/11 levels left

rFire    . . .     SeeInvis +   a - +0 trident
rCold    . . .     Gourm    .   (no shield)
rNeg     . . .     Faith    .   C - +2 ring mail of Atipt {rPois}
rPois    +         Spirit   +   W - +1 helmet
rElec    .         Reflect  .   (no cloak)
rCorr    .         Harm     .   (no gloves)
MR       .....                  (no boots)
Stlth    +.........             D - amulet of guardian spirit
HPRegen  0.26/turn              Q - +4 ring of protection
MPRegen  0.16/turn              G - ring of see invisible

@: mighty, flying (expiring)
A: talons 2, slimy green scales 2, powered by death 2, powered by pain 2
a: Heroism, Finesse, Renounce Religion


You were on level 12 of the Dungeon.
You worshipped Okawaru.
Okawaru was extremely pleased with you.
You were not hungry.

You visited 2 branches of the dungeon, and saw 13 of its levels.

You collected 570 gold pieces.

Inventory:

Hand Weapons
 a - a +0 trident (weapon)
Missiles
 d - 4 throwing nets (quivered)
Armour
 m - a +4 chain mail of cold resistance
 n - a +2 leather armour of cold resistance
 C - the +2 ring mail of Atipt (worn) {rPois}
   (You found it on level 6 of the Dungeon)

   It protects you from poison.
 H - a +2 shield
 V - the +0 ring mail of Grottiness {-Cast -Tele rElec rF+++}
   (Okawaru gifted it to you on level 11 of the Dungeon)

   It renders you almost immune to fire.
   It insulates you from electricity.
   It prevents spellcasting.
   It prevents most forms of teleportation.
 W - a +1 helmet (worn)
Jewellery
 l - an uncursed ring of resist corrosion
 u - an uncursed amulet of the acrobat
 D - an amulet of guardian spirit (around neck)
 G - a ring of see invisible (right hand)
 Q - a +4 ring of protection (left hand)
Wands
 x - a wand of scattershot (5)
 K - a wand of enslavement (5)
 M - a wand of acid (10)
 S - a wand of polymorph (12)
Scrolls
 b - a scroll of enchant armour {unknown}
 e - 4 scrolls of remove curse
 g - 5 scrolls of amnesia {unknown}
 h - 17 scrolls of identify {unknown}
 i - a scroll of fear {unknown}
 k - 6 scrolls of enchant weapon {unknown}
 s - 3 scrolls of teleportation {unknown}
 v - a scroll of noise {unknown}
 y - 3 scrolls of random uselessness {unknown}
 z - a scroll of immolation {unknown}
 O - a scroll of fog {unknown}
 P - a scroll of torment {unknown}
 U - a scroll of magic mapping {unknown}
Potions
 j - 6 potions of curing
 o - a potion of invisibility {unknown}
 p - 2 potions of lignification {unknown}
 q - 2 potions of flight
 r - 4 potions of might
 t - 3 potions of magic
 w - a potion of haste {unknown}
 A - 8 potions of degeneration
 B - a potion of heal wounds {unknown}
 E - 2 potions of mutation {unknown}
 F - 2 potions of brilliance {unknown}
 J - a potion of ambrosia {unknown}
 N - a potion of resistance {unknown}
 R - a potion of agility {unknown}
Comestibles
 c - 4 chunks of flesh
 f - 25 rations


   Skills:
 + Level 10.9 Fighting
 * Level 13.7 Polearms
 - Level 1.8 Throwing
 - Level 3.1 Dodging
 - Level 8.0 Invocations


You had 11 spell levels left.
You didn't know any spells.
Your spell library contained the following spells:

 Spells                   Type           Power        Failure   Level  Hunger
 Animate Skeleton         Necr           N/A          56%         1    ##.....
 Apportation              Tloc           #.....       56%         1    ##.....
 Confusing Touch          Hex            #.....       56%         1    ##.....
 Summon Small Mammal      Summ           #...         56%         1    ##.....
 Recall                   Summ/Tloc      N/A          91%         3    ####...
 Aura of Abjuration       Summ           #.........   100%        5    ######.
 Bolt of Magma            Conj/Fire/Erth #.........   100%        5    ######.
 Iskenderun's Battlesphe  Conj/Chrm      #.......     100%        5    ######.
 Summon Demon             Summ           #.........   100%        5    ######.
 Summon Forest            Summ/Tloc      #.........   100%        5    ######.
 Summon Mana Viper        Hex/Summ       #.......     100%        5    ######.
 Venom Bolt               Conj/Pois      #.........   100%        5    ######.
 Iron Shot                Conj/Erth      #.........   100%        6    #######
 Shadow Creatures         Summ           N/A          100%        6    #######
 Orb of Destruction       Conj           #.........   100%        7    #######
 Spellforged Servitor     Conj/Summ      #.........   100%        7    #######


Dungeon Overview and Level Annotations

Branches:
Dungeon (12/15)            Temple (1/1) D:6            Lair (0/6) D:9
    Orc (0/2) D:9

Altars:
Ashenzari
Cheibriados
Dithmenos
Elyvilon
Fedhas
Gozag
Hepliaklqana
Kikubaaqudgha
Makhleb
Nemelex Xobeh
Okawaru
Qazlal
Ru
Sif Muna
Trog
Uskayaw
Vehumet
Wu Jian
Xom
Yredelemnul
Zin
The Shining One

Annotations:
D:7 2 transporters, luab's ghost, novice GnSk
D:8 exclusion: 2 oklob plants
D:12 Frances


Innate Abilities, Weirdness & Mutations

You have razor-sharp toenails.
You are mostly covered in slimy green scales. (AC +3)
You regenerate health from kills.
You sometimes gain power by taking damage.


Message History

You puncture Frances!
Frances is severely wounded.
Frances hits you with a +0 war axe!!
You hit Frances. You claw Frances.
Frances is severely wounded.
Frances chants phrases taken from a devil's mouth.
You puncture Frances!
Frances is almost dead.
Frances hits you with a +0 war axe!
You hit Frances. Your kick misses Frances.
Frances is almost dead.
You are starting to lose your buoyancy.
The smoke demon gestures at you. Something smites you!
* * * LOW HITPOINT WARNING * * *
You closely miss Frances.
Frances is almost dead.
Frances chants phrases taken from a devil's mouth.
The iron shot hits you!!
You die...

...# ...# ....!...+
...#. .......# .....
......# ...###
.....# ...# ..4.#
...# 43. .### #@# .#
#@# #### #.## ...#
#..# ...#
######'#### ...#
######...#.....#
...#
#....'.#.#.###.+
...####.####.#.#...#
# ...'....#
#.###.#.# ...######
#.....#...


You could see Frances, an ice devil, a smoke demon and a chaos spawn.

Vanquished Creatures
  Josephine (D:12)
  Erolcha (D:10)
  Harold (D:12)
  2 two-headed ogres
  Erica (D:12)
  Urug (D:11)
  An unseen horror (D:12)
  A wizard (D:12)
  Pikel (D:4)
  An orc knight (D:12)
  A cyclops (D:11)
  2 trolls
  A queen bee (D:11)
  Grinder (D:3)
  Prince Ribbit (D:7)
  2 hippogriffs
  A wyvern (D:11)
  2 wraiths (D:12)
  A hungry ghost (D:10)
  Edmund (D:6)
  An acid dragon (D:11)
  A swamp drake (D:9)
  A floating eye (D:8)
  A water moccasin (D:10)
  3 slaves (D:4)
  A black bear (D:7)
  5 orc warriors
  5 sky beasts
  2 ice beasts
  A phantom (D:9)
  A necrophage (D:9)
  3 centaurs
  7 ogres
  8 bullfrogs
  A gnoll sergeant (D:12)
  2 scorpions
  10 killer bees (D:11)
  8 wights
  4 howler monkeys
  A centaur zombie (D:10)
  3 crimson imps
  A bullfrog zombie (D:11)
  6 hounds
  7 jellies
  2 centaur skeletons
  5 orc priests
  A bullfrog skeleton (D:6)
  A gnoll shaman (D:8)
  18 orc wizards
  3 iguanas
  5 worker ants
  A hound zombie (D:10)
  A hound skeleton (D:10)
  A worker ant zombie (D:6)
  8 adders
  8 gnolls
  A howler monkey skeleton (D:7)
  3 shadow imps
  An ooze (D:3)
  2 adder skeletons (D:9)
  6 dart slugs
  2 worms (D:3)
  2 leopard geckos
  80 orcs
  5 bats
  2 giant cockroaches
  5 goblins
  5 hobgoblins
  9 jackals
  4 quokkas
  4 frilled lizards
  5 kobolds
  A leopard gecko skeleton (D:6)
  3 rats
301 creatures vanquished.

Vanquished Creatures (others)
  An orc wizard (D:6)
  An adder (D:12)
  2 orcs (D:12)
  2 plants (D:11)
6 creatures vanquished.

Grand Total: 307 creatures vanquished

Notes
Turn   | Place    | Note
-------+----------+-------------------------------------------
     0 | D:1      | Ethylacetat the Demonspawn Gladiator began the quest for
                  | the Orb.
     0 | D:1      | Reached XP level 1. HP: 16/16 MP: 1/1
   142 | D:1      | You fall through a shaft!
   149 | D:2      | Gained mutation: You regenerate a little health from kills.
                  | [demonic ancestry]
   149 | D:2      | Reached XP level 2. HP: 20/22 MP: 2/2
   297 | D:1      | Reached skill level 3 in Polearms
   690 | D:2      | Found a faded altar of an unknown god.
   985 | D:2      | Found a stormy altar of Qazlal.
  1173 | D:3      | Gained mutation: You have sharp toenails. [demonic
                  | ancestry]
  1173 | D:3      | Reached XP level 3. HP: 28/28 MP: 3/3
  1711 | D:3      | Reached XP level 4. HP: 34/34 MP: 4/4
  1747 | D:3      | Reached skill level 4 in Polearms
  1983 | D:3      | Gained mutation: You sometimes gain a little power by
                  | taking damage. [demonic ancestry]
  1983 | D:3      | Reached XP level 5. HP: 37/41 MP: 5/5
  2179 | D:4      | Noticed an ogre
  2200 | D:4      | Killed an ogre
  2200 | D:4      | Reached skill level 5 in Polearms
  2208 | D:4      | Noticed an ogre
  2222 | D:4      | Killed an ogre
  2222 | D:4      | Gained mutation: You are partially covered in slimy green
                  | scales. (AC +2) [demonic ancestry]
  2222 | D:4      | Reached XP level 6. HP: 39/48 MP: 6/6
  2409 | D:4      | Noticed a slave
  2410 | D:4      | Noticed a slave
  2411 | D:4      | Noticed a slave
  2415 | D:4      | Noticed Pikel
  2443 | D:4      | Killed a slave
  2451 | D:4      | Killed a slave
  2460 | D:4      | Killed a slave
  2590 | D:4      | Noticed a slave
  2635 | D:4      | Killed Pikel
  2635 | D:4      | Reached skill level 5 in Fighting
  2635 | D:4      | Reached skill level 6 in Polearms
  2635 | D:4      | Gained mutation: You sometimes gain power by taking damage.
                  | [demonic ancestry]
  2635 | D:4      | Reached XP level 7. HP: 51/56 MP: 7/7
  2772 | D:4      | Noticed Grinder
  2772 | D:4      | Paralysed by Grinder for 6 turns
  2809 | D:3      | Killed Grinder
  2809 | D:3      | Reached skill level 7 in Polearms
  3022 | D:4      | Gained mutation: You regenerate health from kills. [demonic
                  | ancestry]
  3022 | D:4      | Reached XP level 8. HP: 58/63 MP: 8/8
  3036 | D:4      | Found a sacrificial altar of Ru.
  3104 | D:5      | Entered Level 5 of the Dungeon
  3452 | D:5      | Found a basalt altar of Yredelemnul.
  3629 | D:5      | Reached skill level 8 in Polearms
  4344 | D:6      | Noticed Edmund
  4380 | D:6      | Killed Edmund
  4475 | D:6      | Found a staircase to the Ecumenical Temple.
  4538 | D:6      | Got a pitted ring mail
  4549 | D:6      | Identified the +2 ring mail of Atipt {rPois} (You found it
                  | on level 6 of the Dungeon)
  4583 | D:6      | Reached skill level 9 in Polearms
  4595 | Temple   | Entered the Ecumenical Temple
  4643 | Temple   | Became a worshipper of Warmaster Okawaru
  4985 | D:6      | Reached XP level 9. HP: 69/71 MP: 9/9
  5465 | D:7      | Noticed Prince Ribbit
  5481 | D:7      | Killed Prince Ribbit
  5564 | D:7      | Reached * piety under Okawaru
  5564 | D:7      | Reached skill level 10 in Polearms
  5684 | D:7      | Found a glowing silver altar of Zin.
  5754 | D:7      | Found a transporter.
  5758 | D:7      | Noticed luab's ghost (novice GnSk)
  5769 | D:7      | Noticed a moth of wrath
  5772 | D:7      | Found a bloodstained altar of Trog.
  5797 | D:7      | Found a transporter.
  5982 | D:7      | Found a white marble altar of Elyvilon.
  6630 | D:8      | Reached ** piety under Okawaru
  6845 | D:8      | Found a radiant altar of Vehumet.
  6948 | D:8      | Noticed an oklob plant
  6948 | D:8      | Noticed a two-headed ogre
  6964 | D:8      | Killed a two-headed ogre
  6964 | D:8      | Reached skill level 11 in Polearms
  6964 | D:8      | Reached XP level 10. HP: 52/82 MP: 10/10
  7046 | D:8      | Noticed an oklob plant
  7245 | D:8      | Reached *** piety under Okawaru
  7309 | D:9      | Found a staircase to the Lair.
  7360 | D:9      | Reached skill level 1 in Invocations
  7537 | D:9      | Found an ancient bone altar of Kikubaaqudgha.
  7553 | D:9      | Found a hazy altar of Hepliaklqana.
  7555 | D:9      | Found a shattered altar of Ashenzari.
  7557 | D:9      | Found a blossoming altar of Fedhas.
  7838 | D:9      | Found a staircase to the Orcish Mines.
  8637 | D:10     | Entered Level 10 of the Dungeon
  8673 | D:10     | Noticed Erolcha
  8682 | D:9      | Reached skill level 12 in Polearms
  8737 | D:10     | Killed Erolcha
  8737 | D:10     | Reached **** piety under Okawaru
  8914 | D:10     | Reached skill level 5 in Invocations
  8939 | D:10     | Gained mutation: You are mostly covered in slimy green
                  | scales. (AC +3) [demonic ancestry]
  8939 | D:10     | Reached XP level 11. HP: 88/90 MP: 14/14
  9111 | D:10     | Noticed a two-headed ogre
  9127 | D:10     | Killed a two-headed ogre
  9127 | D:10     | Reached ***** piety under Okawaru
  9846 | D:11     | Received a gift from Okawaru
  9847 | D:11     | Got a twisted ring mail {god gift}
  9852 | D:11     | Reached skill level 10 in Fighting
  9903 | D:10     | Identified the +0 ring mail of Grottiness {-Cast -Tele
                  | rElec rF+++} (Okawaru gifted it to you on level 11 of the
                  | Dungeon)
 10001 | D:11     | You fall through a shaft!
 10785 | D:12     | Noticed Harold
 10785 | D:12     | Noticed an orc knight
 10785 | D:12     | Noticed a wizard
 10827 | D:12     | Killed an orc knight
 10827 | D:12     | Reached skill level 13 in Polearms
 10840 | D:12     | Killed Harold
 10854 | D:12     | Noticed Josephine
 10872 | D:12     | Killed Josephine
 10873 | D:12     | Noticed Erica
 10875 | D:12     | Killed a wizard
 10877 | D:12     | Noticed Urug
 10885 | D:12     | Killed Erica
 11185 | D:11     | Killed Urug
 11451 | D:12     | Noticed an unseen horror
 11463 | D:12     | Killed an unseen horror
 11463 | D:12     | Gained mutation: You have razor-sharp toenails. [demonic
                  | ancestry]
 11463 | D:12     | Reached XP level 12. HP: 91/99 MP: 16/18
 11530 | D:12     | Noticed Frances
 11557 | D:12     | Killed from afar by Frances

Skill      XL: |  1  2  3  4  5  6  7  8  9 10 11 |
---------------+----------------------------------+-----
Polearms       | 3 4 5 6 7 9 11 12 13 | 13.7
Dodging        | 3 |  3.1
Fighting       | 3 5 6 8 9 10 | 10.9
Invocations    | 5 8 |  8.0
Throwing       | |  1.8

Action                   |  1- 3 |  4- 6 |  7- 9 | 10-12 || total
-------------------------+-------+-------+-------+-------++-------
Melee: Trident           |   127 |   137 |   446 |   885 ||  1595
       Kick              |     8 |    44 |   143 |   250 ||   445
Throw: Throwing net      |       |     1 |     2 |     5 ||     8
Invok: Heroism           |       |       |       |     3 ||     3
       Finesse           |       |       |       |     1 ||     1
  Use: Scroll            |       |       |     1 |     1 ||     2
       Potion            |       |       |       |     3 ||     3
 Stab: Sleeping          |     1 |       |     2 |       ||     3
       Held in net/web   |       |     1 |     1 |     4 ||     6
       Distracted        |       |       |       |     1 ||     1
  Eat: Chunk             |     3 |     3 |    14 |    19 ||    39
Armor: Leather armour    |    30 |    34 |    46 |       ||   110
       Ring mail         |       |       |    57 |   217 ||   274
Dodge: Dodged            |    67 |    75 |   162 |   354 ||   658
